 Dungeon Crawl Stone Soup version 0.20-a0-940-g1ecfa5a (webtiles) character file.

88 JeffiDaFish the Conjurer (level 4, -3/35 HPs)
             Began as a Draconian Conjurer on Mar 31, 2017.
             Slain by Terence
             ... wielding a +4 mace of protection
              (8 damage)
             ... on level 2 of the Dungeon.
             The game lasted 00:07:14 (1648 turns).

JeffiDaFish the Conjurer (Draconian Conjurer)       Turns: 1648, Time: 00:07:14

Health: -3/35      AC:  6    Str: 10    XL:     4   Next: 30%
Magic:  2/8        EV: 12    Int: 15    God:
Gold:   93         SH:  0    Dex: 13    Spells: 0/8 levels left

rFire    . . .     SeeInvis .   f - +2 hand axe
rCold    . . .     Gourm    .   (no shield)
rNeg     . . .     Faith    .   (armour unavailable)
rPois    .         Spirit   .   (helmet restricted)
rElec    .         Reflect  .   (no cloak)
rCorr    .         Harm     .   (no gloves)
MR       .....                  k - +0 pair of boots
Stlth    ++........             l - amulet of magic regeneration
Regen    0.2/turn               (no ring)
MPRegen  0.2/turn               (no ring)

@: very slightly contaminated
A: unfitting armour, cold-blooded, AC +5
a: no special abilities


You were on level 2 of the Dungeon.
You were very hungry.

You visited 1 branch of the dungeon, and saw 3 of its levels.

You collected 93 gold pieces.

Inventory:

Hand Weapons
 f - a +2 hand axe (weapon)
Armour
 k - a +0 pair of boots (worn)
Jewellery
 l - an amulet of magic regeneration (around neck)
Scrolls
 g - a scroll of identify
 i - a scroll of magic mapping
 j - a scroll of enchant weapon
 m - a scroll of remove curse
Potions
 e - a potion of flight
Books
 a - a book of Conjurations

   Spells                             Type                      Level
   a - Magic Dart                     Conjuration                  1
   b - Searing Ray                    Conjuration                  2
   c - Dazzling Spray                 Conjuration/Hexes            3
   d - Fulminant Prism                Conjuration/Hexes            4
   e - Force Lance                    Conjuration/Translocation    4
   f - Iskenderun's Mystic Blast      Conjuration                  4
Comestibles
 b - 2 bread rations
 c - 2 fruits


   Skills:
 + Level 1.2 Fighting
 + Level 1.0 Axes
 + Level 2.1 Dodging
 - Level 2.1 Stealth
 * Level 2.7 Spellcasting
 * Level 4.6 Conjurations
 + Level 0.3 Hexes


You couldn't memorise any spells.
You knew the following spells:

 Your Spells              Type           Power        Failure   Level  Hunger
a - Magic Dart            Conj           ###.         3%          1    #......
b - Dazzling Spray        Conj/Hex       #.....       24%         3    ###....
c - Iskenderun's Mystic   Conj           ###.....     34%         4    #####..


Dungeon Overview and Level Annotations

Branches:
Dungeon (3/15)

Altars:
Kikubaaqudgha

Annotations:
D:2 Terence


Innate Abilities, Weirdness & Mutations

Your plain brown scales are hard. (AC +5)
You cannot fit into any form of body armour.
You are cold-blooded and may be slowed by cold attacks.


Message History

Terence hits you but does no damage.
Terence hits you with a mace of protection!
Found a robe.
There is a stone staircase leading up here.
Terence hits you with a mace of protection.
You climb upwards.
There is a stone staircase leading down here.
As you read the scroll of enchant weapon, it crumbles to dust.
Your +1 hand axe glows red for a moment.
Terence hits you with a mace of protection.
* * * LOW HITPOINT WARNING * * *
You hit Terence.
Your tail-slap misses Terence.
Terence is heavily wounded.
Terence hits you with a mace of protection.
* * * LOW HITPOINT WARNING * * *
You hit Terence but do no damage.
You tail-slap Terence, but do no damage.
Terence is heavily wounded.
Terence hits you with a mace of protection!
You die...

####.##..####.####.#
##....##............#
...#####.#####..#####
...#####.#####..#
.............#..####
#.................[#
#..#####..##.##..#.#
#..#####..##.##..#.#
#.........##.##.@#.#
....#####.##.##@.#.#
#..######.##.##..#.#
#.........##.##..#.#
#.######..##.##..#.#
#.######..##.##....#
..................##
#.######.#.#.###..#
....####.#.#.# #..#


You could see Terence.

Vanquished Creatures
  Jessica (D:2)
  2 adders (D:2)
  A worm (D:2)
  2 dart slugs (D:2)
  A leopard gecko (D:2)
  A ball python (D:3)
  7 bats
  4 giant cockroaches
  A goblin (D:1)
  3 hobgoblins
  6 frilled lizards
  7 kobolds
  4 rats
40 creatures vanquished.

Vanquished Creatures (others)
  A human (D:2)
1 creature vanquished.

Grand Total: 41 creatures vanquished

Notes
Turn   | Place    | Note
-------+----------+-------------------------------------------
     0 | D:1      | JeffiDaFish the Draconian Conjurer began the quest for the Orb.
     0 | D:1      | Reached XP level 1. HP: 14/14 MP: 3/3
   131 | D:1      | Reached XP level 2. HP: 20/20 MP: 1/5
   714 | D:2      | Found an ancient bone altar of Kikubaaqudgha.
   715 | D:2      | Noticed a human
   717 | D:2      | Killed a human
   886 | D:2      | Reached XP level 3. HP: 20/27 MP: 1/6
   981 | D:2      | Noticed Jessica
   991 | D:2      | Killed Jessica
   991 | D:2      | Reached skill level 1 in Axes
  1017 | D:2      | Reached skill level 1 in Fighting
  1017 | D:2      | Reached XP level 4. HP: 20/35 MP: 2/8
  1196 | D:2      | Learned a level 3 spell: Dazzling Spray
  1208 | D:2      | Learned a level 4 spell: Iskenderun's Mystic Blast
  1610 | D:3      | Noticed Terence
  1648 | D:2      | Slain by Terence

Vault maps used:
D:1:      dpeg_arrival_orchard, minmay_misc_feat_encased
D:2:      mrwooster_statue_mirror, tgw_kikubaaqudgha, uniq_jessica
D:3:      corexii_shack_village, serial_glass, glass_columns_c, glass_columns_a,
          glass_columns_c, glass_columns_b, glass_columns_a, glass_columns_a,
          glass_columns_b, glass_columns_a, glass_columns_b, glass_columns_c,
          glass_columns_a, glass_columns_a, glass_columns_a, glass_columns_a,
          item_on_display_a, minmay_strange_pillars, minmay_strange_pillars,
          uniq_grinder, uniq_terence

Skill      XL: |  1  2  3 |
---------------+----------+-----
Stealth        | 2 |  2.1
Dodging        | 2 |  2.1
Axes           | 1 |  1.0
Fighting       | 1 |  1.2
Spellcasting   | |  2.7
Conjurations   | |  4.6
Hexes          | |  0.3

Action                   |  1- 3 |  4- 6 || total
-------------------------+-------+-------++-------
Melee: Unarmed           |    17 |       ||    17
       Tailslap          |     4 |     1 ||     5
       Hand axe          |    43 |    26 ||    69
 Cast: Magic Dart        |    46 |    14 ||    60
       Iskenderun's Myst |       |     3 ||     3
  Use: Scroll            |     6 |     2 ||     8
       Potion            |     3 |     2 ||     5
  Eat: Chunk             |     1 |     2 ||     3
Armor: Skin              |    27 |     9 ||    36
Dodge: Dodged            |    44 |    30 ||    74
